 Dungeon Crawl Stone Soup version 0.28-b1-25-g9875b3fc8c (webtiles) character file.

Game seed: 12586244023679288465

88791 fragbeetle the Frost Mage (level 15, -35/115 HPs)
             Began as a Merfolk Ice Elementalist on Feb 2, 2022.
             Was an Initiate of Gozag.
             Killed from afar by Jorgrun (38 damage)
             ... with an iron shot
             ... on level 1 of the Orcish Mines.
             The game lasted 02:08:18 (33856 turns).

fragbeetle the Frost Mage (MfIE)                   Turns: 33856, Time: 02:08:19

Health: -35/115    AC: 15    Str: 12    XL:     15   Next: 95%
Magic:  18/27      EV: 15    Int: 23    God:    Gozag
Gold:   1889       SH:  5    Dex: 17    Spells: 2/31 levels left

rFire   + + +      SeeInvis .   F - +8 war axe of Action {flame, Int+6}
rCold   . . .      Faith    .   (no shield)
rNeg    . . .      Spirit   .   a - +4 ring mail "Ceejolic" {rPois rF+ Str-5 Slay+3}
rPois   +          Reflect  +   Y - +0 helmet
rElec   .          Harm     .   o - +0 cloak
rCorr   .          Rampage  .   B - +0 pair of gloves
Will    ++...                   k - +0 pair of boots
Stlth   +++.......              P - amulet of reflection
HPRegen 0.29/turn               T - +6 ring of strength
MPRegen 0.20/turn               j - ring "Laineimi" {rF++ Will+}

@: very slightly contaminated
A: (nimble swimmer 2), mertail
a: Renounce Religion, Potion Petition, Call Merchant, Bribe Branch


You were on level 1 of the Orcish Mines.
You worshipped Gozag.
Gozag was most pleased with you.
You visited 4 branches of the dungeon, and saw 22 of its levels.

You collected 6669 gold pieces.
You spent 2383 gold pieces at shops.
You paid 2397 gold pieces to Gozag.

Inventory:

Hand Weapons
 e - the +4 falchion "Vymup" {vorpal, *Slow rElec rC+ Dex+4}
   (You found it on level 3 of the Lair of Beasts)

   It inflicts extra damage upon your enemies.
   Dex:       It affects your dexterity (+4).
   rC:        It protects you from cold.
   rElec:     It insulates you from electricity.
   *Slow:     It may slow you when you take damage.
 f - the +10 hand axe of the Nine Dreams {vorpal, rF+}
   (You took it off a wizard on level 12 of the Dungeon)

   It inflicts extra damage upon your enemies.
   rF:        It protects you from fire.
 F - the +8 war axe of Action (weapon) {flame, Int+6}
   (You found it on level 3 of the Lair of Beasts)

   It burns those it strikes, dealing additional fire damage.
   Big, fiery blades are also staple armaments of hydra-hunters.
   Int:       It affects your intelligence (+6).
 S - the +11 flail "Hykeppykh" {pain, rPois Int-5 SInv}
   (You found it on level 6 of the Lair of Beasts)

   In the hands of one skilled in necromantic magic, it inflicts extra damage on
   living creatures.
   Int:       It affects your intelligence (-5).
   rPois:     It protects you from poison.
   SInv:      It lets you see invisible.
Missiles
 g - a silver boomerang
 u - 6 javelins
 z - 24 poisoned darts
 G - 4 throwing nets
 I - 15 datura-tipped darts
 Q - 9 boomerangs (quivered)
Armour
 a - the +4 ring mail "Ceejolic" (worn) {rPois rF+ Str-5 Slay+3}
   (You bought it in a shop on level 1 of the Lair of Beasts)

   Str:       It affects your strength (-5).
   Slay:      It affects your accuracy & damage with ranged weapons and melee
   (+3).
   rF:        It protects you from fire.
   rPois:     It protects you from poison.
 k - a +0 pair of boots (worn)
 o - a +0 cloak (worn)
 q - a +2 kite shield
 B - a +0 pair of gloves (worn)
 Y - a +0 helmet (worn)
Magical Staves
 w - a staff of cold
 H - a staff of death
Jewellery
 b - a +6 ring of dexterity
 i - an amulet of the acrobat
 j - the ring "Laineimi" (right hand) {rF++ Will+}
   (You bought it in a shop on level 1 of the Lair of Beasts)

   [ring of willpower]

   rF:        It greatly protects you from fire.
   Will:      It increases your willpower.
 v - a ring of flight
 O - a ring of protection from cold
 P - an amulet of reflection (around neck)
 T - a +6 ring of strength (left hand)
Wands
 y - a wand of flame (10)
 M - a wand of digging (15)
 V - a wand of paralysis (11)
 W - a wand of polymorph (8)
Scrolls
 l - 3 scrolls of amnesia
 r - a scroll of fog
 s - 7 scrolls of teleportation
 t - 2 scrolls of magic mapping {unknown}
 A - 2 scrolls of blinking {unknown}
 C - a scroll of fear
 J - 2 scrolls of identify
 K - a scroll of summoning
 L - a scroll of holy word
 X - a scroll of silence {unknown}
Potions
 c - 3 potions of might
 d - 8 potions of curing
 h - 5 potions of heal wounds
 m - 6 potions of brilliance
 n - 6 potions of flight
 p - 2 potions of resistance
 x - a potion of magic
 E - 3 potions of berserk rage
 N - 2 potions of invisibility
 R - a potion of lignification
Miscellaneous
 D - a lightning rod (4/4)
 U - a phantom mirror


   Skills:
 - Level 10.1 Fighting
 - Level 5.0(5.7) Short Blades
 - Level 3.9(5.0) Long Blades
 * Level 5.0(6.1) Axes
 - Level 9.4(10.9) Polearms
 + Level 5.1 Armour
 - Level 10.0 Dodging
 - Level 6.0 Stealth
 * Level 8.9 Spellcasting
 - Level 7.0 Conjurations
 - Level 6.0 Hexes
 * Level 6.5 Necromancy
 * Level 14.2 Ice Magic
 - Level 10.0 Poison Magic


You had 2 spell levels left.
You knew the following spells:

 Your Spells              Type           Power      Damage    Failure   Level
a - Freeze                Ice            100%       1d11      1%          1
b - Frozen Ramparts       Ice            100%       1d12      1%          3
c - Ozocubu's Armour      Ice            66%        N/A       1%          3
d - Mephitic Cloud        Conj/Pois/Air  36%        N/A       3%          3
e - Olgreb's Toxic Radia  Pois           54%        N/A       2%          4
f - Metabolic Englaciati  Hex/Ice        27%        N/A       5%          5
g - Simulacrum            Ice/Necr       27%        N/A       28%         6
h - Hailstorm             Conj/Ice       56%        3d12      1%          4

Your spell library contained the following spells:

 Spells                   Type           Power      Damage    Failure   Level
 Animate Skeleton         Necr           80%        N/A       1%          1
 Magic Dart               Conj           100%       1d8       1%          1
 Pain                     Necr           100%       1d9       1%          1
 Slow                     Hex            100%       N/A       1%          1
 Sting                    Tmut/Pois      100%       1d8       1%          1
 Ensorcelled Hibernation  Hex/Ice        100%       N/A       1%          2
 Poisonous Vapours        Pois/Air       66%        N/A       2%          2
 Static Discharge         Conj/Air       26%        N/A       4%          2
 Apportation              Tloc           20%        N/A       13%         1
 Summon Small Mammal      Summ           40%        N/A       13%         1
 Blink                    Tloc           20%        N/A       21%         2
 Call Imp                 Summ           10%        N/A       21%         2
 Dazzling Flash           Conj/Hex       80%        N/A       2%          3
 Vampiric Draining        Necr           40%        2d8       2%          3
 Confusing Touch          Hex            37%        N/A       3%          3
 Tukima's Dance           Hex            37%        N/A       3%          3
 Spider Form              Tmut/Pois      33%        N/A       4%          3
 Dispel Undead            Necr           40%        3d16      9%          4
 Anguish                  Hex/Necr       19%        N/A       10%         4
 Summon Guardian Golem    Hex/Summ       24%        N/A       12%         3
 Iskenderun's Mystic Bla  Conj/Tloc      26%        2d7       30%         4
 Sticky Flame             Conj/Fire      26%        2d5       30%         4
 Ozocubu's Refrigeration  Ice            33%        4d11      32%         7
 Call Canine Familiar     Summ           10%        N/A       36%         3
 Lesser Beckoning         Tloc           10%        N/A       36%         3
 Lightning Bolt           Conj/Air       13%        1d26      65%         5
 Airstrike                Air            5%         N/A       78%         4
 Summon Lightning Spire   Summ/Air       10%        N/A       78%         4
 Manifold Assault         Tloc           10%        N/A       98%         5
 Starburst                Conj/Fire      13%        6d5       99%         6
 Enfeeble                 Hex            18%        N/A       100%        7


Dungeon Overview and Level Annotations

Branches:
Dungeon (14/15)            Temple (1/1) D:6            Lair (6/6) D:9
  Swamp (0/4) Lair:4        Snake (0/4) Lair:3        Slime (0/5) Lair:5
    Orc (1/2) D:10         Vaults (0/5) D:14

Altars:
Ashenzari
Cheibriados
Dithmenos
Elyvilon
Fedhas
Gozag
Hepliaklqana
Kikubaaqudgha
Makhleb
Nemelex Xobeh
Okawaru
Qazlal
Ru
Sif Muna
Trog
Uskayaw
Vehumet
Wu Jian
Xom
Yredelemnul
Zin
The Shining One

Shops:
D:4 !**:   D:12 *   Lair:1 [=[

Portals:
Trove: D:12 (give 6 scrolls of fog)

Annotations:
D:5 2 runed translucent doors, crux's ghost, novice OpTm
D:13 exclusion: downstairs
D:14 Nessos; Rupert; Urug
Lair:2 2 transporters
Orc:1 Jorgrun


Innate Abilities, Weirdness & Mutations

((You are very nimble when in or above water. (Stealth+, EV+, Speed+++)))
Your lower body shifts to a powerful aquatic tail in water.


Message History

a +0 leather armour; a +0 hand axe You see here a +0 club.
Items here: ! ))))) [[[.
Things that are here:
a +0 club; a +0 robe; a +0 dagger
Things that are here:
a +0 plate armour; a +0 halberd
Things that are here:
a +0 robe of fire resistance; a +0 dagger
There is a staircase to the Orcish Mines here.
You climb downwards.
Welcome back to the Orcish Mines!
Level annotation: Jorgrun
There is a staircase back to the Dungeon, spattered with blood here.
Casting: Frozen Ramparts (safe; 1% risk of failure)
Confirm with . or Enter, or press ? or * to list all spells.
You begin to radiate toxic energy.
Jorgrun is poisoned.
The orc wizard is poisoned.
Jorgrun looks even sicker.
Jorgrun casts a spell at you. The iron shot hits you!!!
Unknown command.
Casting: Olgreb's Toxic Radiance (mildly dangerous; 2% risk of failure)
Confirm with . or Enter, or press ? or * to list all spells.
Casting: Metabolic Englaciation (dangerous; 5% risk of failure)
Press: ? - help, Dir - look around, f - activate You miscast Metabolic Englaciation.
You are very lightly contaminated with residual magic.
Nothing appears to happen.
The orc wizard looks even sicker.
The orc wizard casts a spell.
The orc wizard flickers and vanishes!
Deactivating autopickup; reactivate with Ctrl-A.
Jorgrun points at you and mumbles some strange words.
The iron shot hits you!!!
Ouch! That really hurt!
* * * LOW HITPOINT WARNING * * *
You can't go down here!
Your toxic aura wanes.
Jorgrun gestures at you while chanting. The iron shot hits you!!!
You die...
Your body crumbles into a pile of gold.

$ #......#.#
###
....$...##...
..$$$....... $
.......)...
..[.$$.... .
.........
....###........
.(..g..@.......
#####.$........
#...........
#......###..
#.......# .
.........#
###........
##........ $ $


You could see Jorgrun (very poisoned).

Vanquished Creatures
  An orc warlord (D:10)
  Snorg (D:10)
  Josephine (D:10)
  Fannar (Lair:2)
  Harold (Lair:2)
  2 boulder beetles (D:12)
  2 catoblepae
  15 hydras
  A centaur warrior (D:13)
  A merfolk avatar (Lair:6)
  10 death yaks
  3 two-headed ogres
  A swamp dragon (Lair:4)
  3 sea snakes (Lair:6)
  2 wizards (D:12)
  2 lindwurms
  3 deep elf pyromancers
  2 harpies (Lair:6)
  3 orc sorcerers
  2 ugly things
  6 manticores
  23 elephants
  2 cyclopes (D:13)
  3 centaur zombies
  10 black mambas
  2 gargoyles
  13 cane toads
  2 torpor snails (Lair:3)
  Maggie (D:10)
  2 unseen horrors (D:12)
  Psyche (D:9)
  11 rime drakes
  A komodo dragon (shapeshifter) (D:13)
  9 komodo dragons
  2 kobold demonologists
  A yaktaur (shapeshifter) (D:12)
  2 guardian mummies (D:12)
  7 trolls
  2 meliai
  Prince Ribbit (D:9)
  A hornet (D:10)
  7 polar bears
  7 dream sheep (Lair:6)
  2 wind drakes (Lair:6)
  9 blink frogs
  7 slime creatures (D:13)
  2 snapping turtles (Lair:6)
  7 wraiths
  3 shadows
  54 yaks
  5 basilisks
  4 wyverns
  6 steam dragons
  7 vampire mosquitoes
  2 wargs (D:10)
  An acid dragon (D:11)
  20 water moccasins
  A swamp drake (D:10)
  10 orc warriors
  2 ice beasts
  5 black bears
  5 ogres
  3 necrophages
  15 wolves
  3 centaurs
  A phantom (D:6)
  2 kobold brigands
  Blork the orc (D:4)
  16 bullfrogs
  A gnoll sergeant (D:9)
  2 scorpions
  A wyvern skeleton (D:6)
  4 killer bees (D:10)
  4 electric eels
  A howler monkey (D:9)
  A bullfrog skeleton (D:7)
  12 orc priests
  2 hounds
  A jelly (D:5)
  20 orc wizards
  A scorpion zombie (D:5)
  6 iguanas
  A killer bee zombie (D:9)
  A hound skeleton (D:4)
  A howler monkey zombie (D:6)
  A howler monkey skeleton (D:6)
  5 gnolls (D:9)
  12 adders
  A shadow imp (D:7)
  An ufetubus (D:5)
  3 worms (D:2)
  A dart slug (D:3)
  54 orcs
  8 ball pythons
  7 bats
  6 endoplasms
  A giant cockroach (D:1)
  5 goblins
  8 hobgoblins
  10 quokkas
  10 frilled lizards
  19 kobolds
  6 rats
583 creatures vanquished.

Vanquished Creatures (others)
  2 bushes (Lair:2)
  106 fungi
  199 plants
307 creatures vanquished.

Grand Total: 890 creatures vanquished

Notes
Turn   | Place    | Note
-------+----------+-------------------------------------------
     0 | D:1      | fragbeetle the Merfolk Ice Elementalist began the quest for
                  | the Orb.
     0 | D:1      | Reached XP level 1. HP: 13/13 MP: 3/3
     2 | D:1      | Noticed an elf
     2 | D:1      | Noticed a merfolk
     4 | D:1      | Noticed a gargoyle
     4 | D:1      | Noticed a vine stalker
     6 | D:1      | Noticed a demonspawn
     8 | D:1      | Noticed a dwarf
     8 | D:1      | Noticed a formicid
    10 | D:1      | Noticed a draconian
    12 | D:1      | Noticed a human
    12 | D:1      | Noticed a demigod
    14 | D:1      | Noticed a troll
    14 | D:1      | Noticed a vampire
    16 | D:1      | Noticed a ghoul
    16 | D:1      | Noticed a spriggan
    18 | D:1      | Noticed an ogre
    20 | D:1      | Noticed an octopode
    22 | D:1      | Noticed a tengu
    22 | D:1      | Noticed a minotaur
    24 | D:1      | Noticed a naga
    26 | D:1      | Noticed a felid
   219 | D:1      | Reached XP level 2. HP: 20/20 MP: 3/5
   896 | D:2      | Reached skill level 1 in Fighting
   896 | D:2      | Reached XP level 3. HP: 22/26 MP: 0/6
   900 | D:2      | Learned a level 3 spell: Frozen Ramparts
  1057 | D:2      | Reached skill level 5 in Ice Magic
  1284 | D:2      | Found a faded altar of an unknown god.
  1336 | D:2      | Reached XP level 4. HP: 31/32 MP: 7/7
  1808 | D:3      | Reached skill level 1 in Polearms
  2040 | D:3      | Found an ornate altar of the Wu Jian Council.
  2042 | D:3      | Found an opulent altar of Gozag.
  2042 | D:3      | Found a stormy altar of Qazlal.
  2051 | D:3      | Became a worshipper of Gozag Ym Sagoz the Greedy
  2261 | D:3      | Reached XP level 5. HP: 38/38 MP: 4/8
  2265 | D:3      | Learned a level 3 spell: Ozocubu's Armour
  2574 | D:3      | Noticed a black bear
  2590 | D:3      | Killed a black bear
  2591 | D:3      | Reached XP level 6. HP: 13/46 MP: 3/9
  3146 | D:4      | Reached skill level 6 in Ice Magic
  3473 | D:4      | Found Laiq's General Store.
  3474 | D:4      | Found Moimuij's Assorted Antiques.
  3480 | D:4      | Identified the +0 halberd "Coruomo Coli" {venom, Fragile
                  | Will++ Int+4}
  3500 | D:4      | Bought a scroll of fear for 35 gold pieces
  3513 | D:4      | Found Biappit's Book Boutique.
  3516 | D:4      | Bought a book of Minor Magic for 252 gold pieces
  3547 | D:4      | Noticed Blork the orc
  3549 | D:4      | Found a glowing silver altar of Zin.
  3560 | D:4      | Killed Blork the orc
  3561 | D:4      | Reached XP level 7. HP: 42/51 MP: 1/10
  4105 | D:4      | Found Toef's Distillery.
  4134 | D:4      | Bought a potion of degeneration for 10 gold pieces
  4134 | D:4      | Bought a potion of flight for 30 gold pieces
  4134 | D:4      | Bought a potion of brilliance for 40 gold pieces
  4134 | D:4      | Bought a potion of berserk rage for 50 gold pieces
  4296 | D:5      | Entered Level 5 of the Dungeon
  4424 | D:5      | Reached skill level 5 in Polearms
  4457 | D:5      | Learned a level 3 spell: Mephitic Cloud
  4529 | D:5      | Found a runed translucent door.
  4533 | D:5      | Noticed crux's ghost (novice OpTm)
  4671 | D:5      | Reached skill level 1 in Poison Magic
  4701 | D:5      | Reached skill level 5 in Dodging
  4701 | D:5      | Reached XP level 8. HP: 57/58 MP: 6/12
  4854 | D:5      | Reached skill level 7 in Ice Magic
  4973 | D:5      | Found a runed translucent door.
  5218 | D:5      | Found an iron altar of Okawaru.
  5574 | D:6      | Found a staircase to the Ecumenical Temple.
  5817 | Temple   | Entered the Ecumenical Temple
  6058 | D:6      | Reached skill level 1 in Conjurations
  6346 | D:6      | Reached XP level 9. HP: 65/65 MP: 4/14
  6503 | D:6      | Reached skill level 8 in Ice Magic
  6803 | D:6      | Found a bloodstained altar of Trog.
  7505 | D:7      | Reached skill level 1 in Short Blades
  8058 | D:7      | Reached skill level 5 in Fighting
  8696 | D:8      | Reached skill level 9 in Ice Magic
  8699 | D:8      | Reached XP level 10. HP: 54/74 MP: 15/15
  8714 | D:8      | Learned a level 4 spell: Olgreb's Toxic Radiance
  8855 | D:8      | Noticed a deep elf pyromancer
  8861 | D:8      | Killed a deep elf pyromancer
  9728 | D:9      | Reached skill level 5 in Poison Magic
  9817 | D:9      | Noticed Prince Ribbit
  9835 | D:9      | Killed Prince Ribbit
 10372 | D:9      | Found a staircase to the Lair.
 10399 | D:9      | Reached skill level 10 in Ice Magic
 10616 | D:10     | Entered Level 10 of the Dungeon
 10616 | D:10     | Noticed Snorg
 10618 | D:10     | Noticed Psyche
 10675 | D:10     | Noticed Maggie
 10685 | D:10     | Killed Maggie
 10686 | D:10     | Reached skill level 5 in Conjurations
 10686 | D:10     | Reached XP level 11. HP: 81/81 MP: 10/16
 11092 | D:9      | Killed Psyche
 11487 | D:10     | Killed Snorg
 12367 | D:10     | Found a staircase to the Orcish Mines.
 12910 | D:4      | Bought a book of Winter for 476 gold pieces
 13679 | D:11     | Noticed a manticore
 13695 | D:11     | Killed a manticore
 14191 | D:11     | Noticed a two-headed ogre
 14204 | D:11     | Killed a two-headed ogre
 14205 | D:11     | Reached skill level 11 in Ice Magic
 14536 | D:11     | Noticed a manticore
 14554 | D:11     | Killed a manticore
 15003 | Lair:1   | Entered Level 1 of the Lair of Beasts
 15447 | Lair:1   | Reached XP level 12. HP: 86/91 MP: 11/18
 15731 | Lair:1   | Learned a level 5 spell: Metabolic Englaciation
 15740 | Lair:1   | Noticed a four-headed hydra
 15749 | Lair:1   | Killed a four-headed hydra
 16085 | Lair:1   | Reached skill level 5 in Spellcasting
 16260 | Lair:1   | Noticed an eight-headed hydra
 16276 | Lair:1   | Killed an eight-headed hydra
 17043 | Lair:2   | Found a transporter.
 17108 | Lair:2   | Noticed Fannar
 17142 | Lair:2   | Noticed Harold
 17143 | Lair:2   | Noticed a death yak
 17144 | Lair:2   | Noticed a death yak
 17145 | Lair:2   | Noticed a death yak
 17146 | Lair:2   | Noticed a death yak
 17185 | Lair:2   | Reached skill level 1 in Hexes
 17585 | Lair:1   | Bought the ring "Laineimi" {rF++ Will+} for 693 gold pieces
 17767 | Lair:2   | Found a transporter.
 17869 | Lair:2   | Killed Harold
 17870 | Lair:2   | Reached skill level 12 in Ice Magic
 17983 | Lair:2   | Noticed a death yak
 17992 | Lair:2   | Killed a death yak
 18448 | Lair:2   | HP: 2/92 [Fannar/refrigeration (25)]
 18450 | Lair:2   | Killed Fannar
 18451 | Lair:2   | Reached skill level 10 in Dodging
 18451 | Lair:2   | Reached skill level 5 in Stealth
 18873 | Lair:2   | Noticed a death yak
 18926 | Lair:2   | Killed a death yak
 19112 | Lair:2   | Killed a death yak
 19113 | Lair:2   | Reached skill level 5 in Short Blades
 19124 | Lair:2   | Killed a death yak
 19125 | Lair:2   | Reached XP level 13. HP: 80/98 MP: 7/22
 19374 | Lair:3   | Identified the +8 war axe of Action {flame, Int+6}
 19465 | Lair:3   | You fall into a shaft and drop 3 floors!
 19465 | Lair:6   | Entered Level 6 of the Lair of Beasts
 19703 | Lair:3   | Found a staircase to the Snake Pit.
 20419 | Lair:3   | Reached skill level 5 in Hexes
 21300 | Lair:3   | Identified the +4 falchion "Vymup" {vorpal, *Slow rElec rC+
                  | Dex+4}
 21632 | Lair:3   | Reached skill level 1 in Long Blades
 22017 | Lair:3   | Learned a level 6 spell: Simulacrum
 22888 | Lair:3   | Reached skill level 1 in Armour
 22888 | Lair:3   | Reached skill level 1 in Necromancy
 23363 | Lair:4   | Reached XP level 14. HP: 97/108 MP: 17/26
 24046 | Lair:4   | Reached skill level 10 in Poison Magic
 24268 | Lair:4   | Found a staircase to the Swamp.
 24458 | Lair:1   | Bought the +4 ring mail "Ceejolic" {rPois rF+ Str-5 Slay+3}
                  | for 797 gold pieces
 24481 | Lair:1   | Learned a level 4 spell: Hailstorm
 25755 | Lair:5   | Reached skill level 1 in Axes
 25982 | Lair:5   | Found a staircase to the Slime Pits.
 26502 | Lair:5   | Reached skill level 13 in Ice Magic
 27600 | Lair:6   | Reached skill level 10 in Fighting
 27647 | Lair:6   | Reached XP level 15. HP: 102/115 MP: 21/27
 27669 | Lair:6   | Identified the +3 leather armour of a treasure trove {rN+}
 27677 | Lair:6   | Identified the +11 flail "Hykeppykh" {pain, rPois Int-5
                  | SInv}
 28114 | Lair:6   | Reached skill level 5 in Necromancy
 28745 | Orc:1    | Entered Level 1 of the Orcish Mines
 28745 | Orc:1    | Noticed Josephine
 28802 | Orc:1    | Noticed Jorgrun
 29021 | Orc:1    | Noticed an orc warlord
 29025 | D:10     | Killed Josephine
 29433 | D:10     | Killed an orc warlord
 30764 | D:12     | Found a portal to a secret trove of treasure.
 31029 | D:12     | Reached skill level 5 in Armour
 31358 | D:12     | Identified the +10 hand axe of the Nine Dreams {vorpal,
                  | rF+}
 31370 | D:12     | Reached skill level 14 in Ice Magic
 32234 | D:12     | Found Neggea's Assorted Antiques.
 33091 | D:13     | Reached skill level 5 in Axes
 33730 | D:14     | Noticed Urug
 33730 | D:14     | Noticed Rupert
 33730 | D:14     | Noticed Nessos
 33730 | D:14     | Found a gate to the Vaults.
 33855 | Orc:1    | HP: 3/115 [Jorgrun/iron shot (61)]
 33856 | Orc:1    | Killed from afar by Jorgrun

Illustrated notes

Levels and vault maps discovered:
D:1:      kb_arrival_jail, layout_basic, chequers_serial_rivers_micro_e,
          kennysheep_pointless_box
D:2:      layout_loops_cross, basic_ecumenical_altar, minmay_crystal_room,
          st_stairs_6
D:3:      layout_loops_ring, gammafunk_temple_overflow_forgotten,
          lexackson_kobold_supper
D:4:      layout_cave_pools, nicolae_overflow_crystal_walls,
          serial_column_ruins, column_ruins_grid_4, column_ruins_open_tiny,
          column_ruins_columns_corner, column_ruins_corridor_straight,
          column_ruins_open_tiny, serial_shops, shop, shop_statue, shop,
          kennysheep_mini, uniq_blork_the_orc
D:5:      layout_rooms, marbit_many_paths, ebering_ghost_sewer_f
D:6:      layout_rooms, trog_ov_bears_minmay, minmay_temple_entry_tees,
          serial_corexii_hall, corexii_hall_statues_l, corexii_hall_statues_i
D:7:      layout_loops_corners
D:8:      layout_loops_cross, minivault_23
D:9:      layout_roguey, lair_entry_dummy, uniq_prince_ribbit1
D:10:     layout_roguey, erik_orc_1, uniq_psyche, uniq_snorg, uniq_maggie
D:11:     layout_roguey, chequers_serial_rivers_room_b
D:12:     layout_irregular_city, nicolae_trove_entry_path_of_doom, serial_shops,
          nicolae_take_the_stairs, minmay_the_grid_square_5x5_3x3_mashed
          [minmay_the_grid_square_5x5_inner_v,
          minmay_the_grid_square_5x5_longway,
          minmay_the_grid_square_5x5_three_small,
          minmay_the_grid_square_5x5_almost_minimal,
          minmay_the_grid_square_5x5_megaprize_crossed,
          minmay_the_grid_square_5x5_one_wall,
          minmay_the_grid_square_5x5_two_walls_a, minmay_the_grid_square_5x5_v,
          minmay_the_grid_square_5x5_doubleslash]
D:13:     wander_river, layout_basic, serial_bayou, serial_bayou_pond_e,
          serial_bayou_crossing, serial_bayou_pond_d, serial_bayou_pond_b
D:14:     layout_basic, david_vaults_3, minivault_24
Temple:   eino_temple_rhombus
Lair:1:   layout_cave_pods, serial_bayou_shore_b
Lair:2:   gammafunk_cloud_chamber, layout_loops_ring, grunt_forest_stairs_basic,
          serial_bayou_shore_a, uniq_fannar, uniq_harold
Lair:3:   layout_chaotic_city, dummy_snake_entry, minmay_shattered_shrine,
          grunt_megastairs_4, lemuel_fruit_tree, serial_bayou_shore_b,
          infiniplex_staircase_pool, serial_bayou_shore_b
Lair:4:   layout_regular_city, minmay_swamp_entry_reptiles, st_stairs_13
Lair:5:   layout_long_grid, slime_dummy
Lair:6:   gammafunk_lair_ancient_temple, layout_loops_ring,
          infiniplex_staircase_pool_2
Orc:1:    layout_diamond_mine, serial_shops,
          nicolae_shop_temple_entry_statues_fountains, uniq_josephine,
          uniq_jorgrun, uniq_sonja, uniq_erica

Skill      XL: |  1  2  3  4  5  6  7  8  9 10 11 12 13 14 15 |
---------------+----------------------------------------------+-----
Dodging        | 3 4 5 7 8 9 10 | 10.0
Fighting       | 1 2 3 4 5 6 7 8 9 10 | 10.1
Ice Magic      | 5 6 7 9 10 11 12 13 14 | 14.2
Stealth        | 3 4 5 6 |  6.0
Polearms       | 2 3 4 5 6 7 8 9 |  9.4
Poison Magic   | 1 3 4 6 7 8 9 10 | 10.0
Spellcasting   | 3 4 6 8 |  8.9
Conjurations   | 1 3 5 6 7 |  7.0
Short Blades   | 2 5 |  5.0
Hexes          | 3 6 |  6.0
Long Blades    | 2 3 |  3.9
Armour         | 1 4 5 |  5.1
Necromancy     | 1 4 6 |  6.5
Axes           | 2 5 |  5.0

Action                   |  1- 3 |  4- 6 |  7- 9 | 10-12 | 13-15 || total
-------------------------+-------+-------+-------+-------+-------++-------
Melee: Unarmed           |     9 |       |       |       |       ||     9
       Dagger            |    29 |   184 |   362 |   541 |   139 ||  1255
       Short sword       |     7 |       |       |       |       ||     7
       Punch             |     1 |     2 |    11 |    14 |    18 ||    46
       Falchion          |       |       |       |       |   184 ||   184
       War axe           |       |       |       |       |   447 ||   447
       Tailslap          |       |       |       |       |     6 ||     6
Throw: Dart              |       |     4 |    39 |    34 |     2 ||    79
       Boomerang         |       |       |    13 |    30 |    64 ||   107
       Javelin           |       |       |       |     1 |       ||     1
       Throwing net      |       |       |       |     1 |       ||     1
 Cast: Freeze            |    27 |    12 |     8 |     3 |       ||    50
       Frozen Ramparts   |       |     3 |    29 |    56 |   113 ||   201
       Ozocubu's Armour  |       |     3 |    29 |    40 |    80 ||   152
       Mephitic Cloud    |       |       |     1 |     3 |     3 ||     7
       Olgreb's Toxic Ra |       |       |       |    26 |    72 ||    98
       Metabolic Englaci |       |       |       |       |    12 ||    12
       Hailstorm         |       |       |       |       |     4 ||     4
Invok: Call Merchant     |       |       |       |     1 |     2 ||     3
Evoke: Wand              |       |       |       |    17 |     6 ||    23
       Phantom mirror    |       |       |       |     2 |     1 ||     3
       Lightning rod     |       |       |       |       |     4 ||     4
  Use: Scroll            |       |       |     6 |     8 |     7 ||    21
       Potion            |       |       |       |     7 |     1 ||     8
 Stab: Sleeping          |     6 |     4 |     5 |     9 |    10 ||    34
       Distracted        |       |     1 |       |     1 |     3 ||     5
       Confused          |       |       |       |       |     4 ||     4
       Petrified         |       |       |       |       |     1 ||     1
Armor: Robe              |    25 |    41 |   126 |    44 |       ||   236
       Steam dragon scal |       |       |       |   118 |    94 ||   212
       Ring mail         |       |       |       |       |   237 ||   237
Dodge: Dodged            |    33 |   107 |   229 |   392 |   706 ||  1467
Block: Other             |       |       |     2 |   130 |   212 ||   344
       Reflection        |       |       |       |     4 |     4 ||     8
